 Dungeon Crawl Stone Soup version 0.29.0-13-gc9e81de378 (webtiles) character file.

Game seed: 14231543371041581669

2764 Artool the Trooper (level 9, -3/71 HPs)
             Began as a Demonspawn Gladiator on Sept 7, 2022.
             Was an Initiate of Hepliaklqana.
             Killed from afar by a steam dragon (16 damage)
             ... with a ball of steam
             ... on level 8 of the Dungeon.
             The game lasted 00:34:34 (9099 turns).

Artool the Trooper (Demonspawn Gladiator)           Turns: 9099, Time: 00:34:35

Health: -3/71      AC:  8    Str: 25    XL:     9   Next: 42%
Magic:  9/9        EV: 14    Int: 10    God:    Hepliaklqana [......]
Gold:   405        SH:  0    Dex: 14    Spells: 8/8 levels left

rFire   . . .      SeeInvis .   a - +0 flail
rCold   . . .      Faith    .   (no shield)
rNeg    . . .      Spirit   .   g - +0 ring mail
rPois   +          Reflect  .   c - +0 helmet
rElec   .          Harm     .   f - +0 cloak
rCorr   .          Rampage  .   (no gloves)
Will    .....                   (no boots)
Stlth   +.........              q - amulet of regeneration
HPRegen 1.01/turn               p - ring of poison resistance
MPRegen 0.11/turn               v - +6 ring of strength

@: no status effects
A: hooves 1, demonic guardian 1, foul stench 2
a: Renounce Religion


You were on level 8 of the Dungeon.
You worshipped Hepliaklqana.
Hepliaklqana was noncommittal.
You visited 2 branches of the dungeon, and saw 9 of its levels.

You collected 405 gold pieces.

Inventory:

Hand Weapons
 a - a +0 flail (weapon)
 t - the +1 spear "Cifaorr" {vorpal, Int+6 Stlth+}
   (You found it on level 2 of the Dungeon)

   It inflicts extra damage upon your enemies.
   Int:       It affects your intelligence (+6).
   Stlth:     It makes you more stealthy.
Missiles
 d - 3 throwing nets (quivered)
 e - a javelin
 F - 5 atropa-tipped darts
 J - 13 poisoned darts
 L - 3 boomerangs
Armour
 b - a +0 leather armour
 c - a +0 helmet (worn)
 f - a +0 cloak (worn)
 g - a +0 ring mail (worn)
 o - a +0 chain mail
Magical Staves
 u - a staff of fire
Jewellery
 h - a ring of magical power
 p - a ring of poison resistance (left hand)
 q - an amulet of regeneration (around neck)
 v - a +6 ring of strength (right hand)
 z - a ring of fire
Wands
 r - a wand of digging (4)
 w - a wand of polymorph (11)
 B - a wand of paralysis (14)
Scrolls
 l - 5 scrolls of identify {unknown}
 x - 3 scrolls of immolation {unknown}
 y - 4 scrolls of teleportation {unknown}
 A - a scroll of brand weapon {unknown}
 C - 3 scrolls of blinking {unknown}
 D - a scroll of fear {unknown}
 G - a scroll of torment {unknown}
 I - a scroll of poison
Potions
 i - 2 potions of resistance {unknown}
 j - a potion of haste {unknown}
 k - 3 potions of attraction {unknown}
 m - 2 potions of heal wounds {unknown}
 n - 3 potions of curing {unknown}
 s - a potion of might
 E - a potion of lignification {unknown}
 H - a potion of flight {unknown}
 K - a potion of brilliance {unknown}


   Skills:
 + Level 6.7 Fighting
 + Level 6.5 Maces & Flails
 - Level 2.0 Throwing
 + Level 5.8 Armour
 + Level 6.5 Dodging


You had 8 spell levels left.
You didn't know any spells.
Your spell library contained the following spells:

 Spells                   Type           Power      Damage    Failure   Level
 Apportation              Tloc           0%         N/A       50%         1
 Foxfire                  Conj/Fire      0%         2x1d4     50%         1
 Magic Dart               Conj           0%         1d3       50%         1
 Necrotise                Necr           0%         1d4       50%         1
 Sandblast                Erth           0%         2d4       50%         1
 Summon Small Mammal      Summ           0%         N/A       50%         1
 Call Imp                 Summ           0%         N/A       63%         2
 Call Canine Familiar     Summ           0%         N/A       86%         3
 Conjure Flame            Conj/Fire      0%         6-21      86%         3
 Inner Flame              Hex/Fire       0%         N/A       86%         3
 Mephitic Cloud           Conj/Pois/Air  0%         N/A       86%         3
 Ozocubu's Armour         Ice            0%         N/A       86%         3
 Summon Guardian Golem    Hex/Summ       0%         N/A       86%         3
 Flame Wave               Conj/Fire      0%         2d4       99%         4
 Borgnjor's Vile Clutch   Necr/Erth      0%         N/A       100%        5
 Manifold Assault         Tloc           0%         N/A       100%        5
 Ozocubu's Refrigeration  Ice            0%         4d7       100%        7
 Shatter                  Erth           0%         3d5*      100%        9


Dungeon Overview and Level Annotations

Branches:
Dungeon (8/15)             Temple (1/1) D:7
   Lair: D:8-11

Altars:
Cheibriados
Dithmenos
Fedhas
Gozag
Hepliaklqana
Kikubaaqudgha
Makhleb
Nemelex Xobeh
Okawaru
Qazlal
Ru
Sif Muna
Trog
Uskayaw
Vehumet
Wu Jian
Xom
Yredelemnul

Shops:
D:2 [   D:5 =   D:8 *

Annotations:
D:3 3 runed translucent doors, Mandevil's ghost, amateur FoEE
D:4 3 runed translucent doors, Bartlander's ghost, novice GnGl; Crazy Yiuf
D:5 Dowan; Duvessa
D:6 3 runed translucent doors, KamiKatze's ghost, novice GrFi
D:8 2 transporters, RogerS's ghost, novice MiFi


Innate Abilities, Weirdness & Mutations

You have large cloven feet.
A weak demonic guardian rushes to your aid.
You sometimes emit foul miasma when damaged in melee.


Message History

The magic dart hits you.
You hit the orc wizard.
You kill the orc wizard!
The orc priest hits you but does no damage.
You hit the orc. Your kick misses the orc.
The orc is moderately wounded.
The orc hits you with a +0 flail.
You emit a cloud of foul miasma!
The orc priest hits you but does no damage.
You closely miss the orc. You kick the orc.
You kill the orc!
The orc priest hits you but does no damage.
You closely miss the orc priest. Your kick misses the orc priest.
The orc priest hits you with a +0 club.
You hit the orc priest. You kick the orc priest.
The orc priest is lightly wounded.
The orc priest mumbles some strange prayers to Beogh against you.
Pain shoots through your body! The steam dragon breathes steam at you.
The ball of steam hits you!!
* * * LOW HITPOINT WARNING * * *
The orc priest hits you with a +0 club.
* * * LOW HITPOINT WARNING * * *
The orc priest is engulfed in a cloud of scalding steam.
The orc priest closely misses you. The steam dragon bites you.
* * * LOW HITPOINT WARNING * * *
The steam dragon closely misses you.
Things that are here:
a +0 flail; a +0 dagger; a +0 robe You hit the steam dragon.
You kick the steam dragon, but do no damage.
The steam dragon is heavily wounded.
The orc priest begins to cast a cantrip, but forgets the words!
The steam dragon barely misses you.
The steam dragon claws you but does no damage.
You closely miss the steam dragon.
The steam dragon is heavily wounded.
The orc priest looks braver for a moment.
The steam dragon breathes steam at you. The ball of steam hits you!
You die...

# .K #. .# . ####. ..##
...... .... ......###
##### ....
#.....)o######.#.# #...
#...D@ยงยงยง......####...
#....###.##.....#..#..
##..# ######....##... #.#
#......... #.
.##.....###. .
#........###. #
.####........ #..#.....
...#.......


You could see a steam dragon (catching breath) and an orc priest.

Vanquished Creatures
  Prince Ribbit (D:7)
  A wyvern (D:7)
  3 yaks (D:6)
  An orc warrior (D:8)
  An ogre (D:6)
  A black bear (D:6)
  A centaur (D:6)
  A kobold brigand (D:8)
  A necrophage (D:6)
  A scorpion (D:6)
  6 killer bees (D:7)
  2 howler monkeys
  2 hounds
  2 jellies
  A gnoll bouda (D:8)
  5 orc priests
  4 iguanas
  7 orc wizards
  Ijyb (D:3)
  9 gnolls
  6 adders
  A shadow imp (D:7)
  A white imp (D:6)
  An ufetubus (D:6)
  3 worms
  A dart slug (D:1)
  16 orcs
  7 endoplasms
  3 giant cockroaches
  9 goblins
  6 hobgoblins
  13 kobolds
  6 quokkas
  10 ball pythons
  7 bats
  5 frilled lizards
  7 rats
153 creatures vanquished.

Vanquished Creatures (collateral kills)
  A yak (D:6)
  A phantom (D:6)
  An orc wizard (D:8)
  A dart slug (D:2)
  2 orcs (D:8)
  A kobold (D:2)
7 creatures vanquished.

Grand Total: 160 creatures vanquished

Notes
Turn   | Place    | Note
-------+----------+-------------------------------------------
     0 | D:1      | Artool the Demonspawn Gladiator began the quest for the
                  | Orb.
     0 | D:1      | Reached XP level 1. HP: 16/16 MP: 1/1
   489 | D:1      | Gained mutation: You may rarely emit foul miasma when
                  | damaged in melee. [demonic ancestry]
   489 | D:1      | Reached XP level 2. HP: 22/22 MP: 2/2
   757 | D:1      | Found a faded altar of an unknown god.
  1138 | D:1      | Gained mutation: A weak demonic guardian rushes to your
                  | aid. [demonic ancestry]
  1138 | D:1      | Reached XP level 3. HP: 22/28 MP: 3/3
  1240 | D:1      | Reached skill level 1 in Armour
  1243 | D:1      | Got the Secrets of Superposition and Stones
  1720 | D:2      | Identified the +1 spear "Cifaorr" {vorpal, Int+6 Stlth+}
  2115 | D:2      | Reached XP level 4. HP: 32/34 MP: 4/4
  2321 | D:2      | Found Foxkeigi's Armour Emporium.
  2363 | D:3      | Noticed Ijyb
  2371 | D:3      | Paralysed by Ijyb for 2 turns
  2379 | D:3      | Paralysed by Ijyb for 2 turns
  2383 | D:3      | Killed Ijyb
  2946 | D:3      | Found a runed translucent gate.
  2946 | D:3      | Noticed Mandevil's ghost (amateur FoEE)
  2947 | D:3      | Found a runed translucent gate.
  2947 | D:3      | Noticed a kobold brigand
  2959 | D:3      | Found a runed translucent gate.
  3419 | D:3      | Reached XP level 5. HP: 37/41 MP: 5/5
  3807 | D:4      | Found a radiant altar of Vehumet.
  3807 | D:4      | Found a basalt altar of Yredelemnul.
  3832 | D:4      | Found a runed translucent door.
  3838 | D:4      | Noticed Bartlander's ghost (novice GnGl)
  4063 | D:4      | Found a runed translucent door.
  4143 | D:4      | Found a runed translucent door.
  4144 | D:4      | Noticed Crazy Yiuf
  4305 | D:5      | Entered Level 5 of the Dungeon
  4315 | D:4      | Reached XP level 6. HP: 13/47 MP: 6/6
  4691 | D:5      | Found a burning altar of Makhleb.
  4748 | D:5      | Found a hide-covered altar of Uskayaw.
  5271 | D:5      | Noticed an ice beast
  5421 | D:5      | Found Sautanwu's Jewellery Shoppe.
  5426 | D:5      | Noticed Dowan
  5427 | D:5      | Noticed Duvessa
  5637 | D:6      | Discovered your monstrous ancestry.
  5637 | D:6      | Gained mutation: You have large cloven feet. [demonic
                  | ancestry]
  5637 | D:6      | Reached XP level 7. HP: 35/54 MP: 7/7
  5833 | D:6      | Noticed a yak
  5880 | D:6      | Killed a yak
  6222 | D:6      | Noticed a yak
  6224 | D:6      | Noticed a yak
  6226 | D:6      | Noticed a yak
  6258 | D:6      | Killed a yak
  6261 | D:6      | Killed a yak
  6262 | D:6      | Reached skill level 5 in Fighting
  6262 | D:6      | Reached skill level 5 in Maces & Flails
  6262 | D:6      | Reached skill level 5 in Dodging
  6262 | D:6      | Gained mutation: You sometimes emit foul miasma when
                  | damaged in melee. [demonic ancestry]
  6262 | D:6      | Reached XP level 8. HP: 30/62 MP: 8/8
  6269 | D:6      | HP: 3/62 [yak (6)]
  6601 | D:6      | Found a sparkling altar of Nemelex Xobeh.
  6633 | D:6      | Found a runed translucent gate.
  6634 | D:6      | Found a runed translucent gate.
  6636 | D:6      | Noticed KamiKatze's ghost (novice GrFi)
  6648 | D:6      | Noticed a manticore
  7122 | D:6      | Found a runed translucent gate.
  7272 | D:7      | Noticed Prince Ribbit
  7342 | D:7      | Reached skill level 5 in Armour
  7642 | D:7      | Killed Prince Ribbit
  7938 | D:7      | Found a staircase to the Ecumenical Temple.
  7942 | D:7      | Reached XP level 9. HP: 69/69 MP: 9/9
  7986 | Temple   | Entered the Ecumenical Temple
  8036 | Temple   | Became a worshipper of Hepliaklqana the Forgotten
  8837 | D:8      | Found a transporter.
  8845 | D:8      | Found a bloodstained altar of Trog.
  8845 | D:8      | Noticed RogerS's ghost (novice MiFi)
  8867 | D:8      | Noticed a moth of wrath
  8903 | D:8      | Found a transporter.
  9007 | D:8      | Found Koetsett's Assorted Antiques.
  9099 | D:8      | Killed from afar by a steam dragon

Illustrated notes

Levels and vault maps discovered:
D:1:      dpeg_arrival_round_c, layout_rooms,
          dilly_ecumenical_altar_fadedgnrine, chequers_serial_rivers_micro_e,
          minmay_lizard_pond
D:2:      layout_rooms, serial_shops, nicolae_lakefront_shop, grunt_ministairs_3
D:3:      layout_basic, gammafunk_ghost_nasty_kobolds, serial_co_window_serial,
          co_window_of_opportunity_a, co_window_paths_a, co_window_corner_a,
          co_window_paths_b, co_window_corner_a, co_window_of_opportunity_b,
          co_window_broadway_b, co_window_cross_3, co_window_of_opportunity_b,
          co_window_paths_d, glass_columns_a, glass_columns_a, glass_columns_c,
          glass_columns_a, uniq_ijyb
D:4:      layout_cave_pools, gammafunk_temple_overflow_wave,
          ebering_ghost_sewer_f, minmay_stone_trees_medium,
          uniq_crazy_yiuf_cottage
D:5:      layout_layer_cave, nicolae_uskayaw_murder_on_the_dancefloor,
          mainiacjoe_overflow_alcove_2, serial_shops, shop,
          nicolae_take_the_stairs, uniq_eustachio, uniq_duvessa
D:6:      layout_loops_cross, lemuel_round_altar, gammafunk_ghost_split
D:7:      layout_basic, tso_metal_star, minmay_temple_entry_junction,
          nicolae_ossuary_entry_plus, uniq_prince_ribbit1
D:8:      layout_layer_cave, gammafunk_ghost_wrathful_warriors, serial_shops,
          nicolae_shop_statue_plus, minivault_11
Temple:   compressed_dpeg_circular_temple

Skill      XL: |  1  2  3  4  5  6  7  8 |
---------------+-------------------------+-----
Throwing       | 2 |  2.0
Maces & Flails | 3 4 5 6 |  6.5
Dodging        | 3 4 5 6 |  6.5
Armour         | 1 2 3 4 5 |  5.8
Fighting       | 3 4 5 6 |  6.7

Action                   |  1- 3 |  4- 6 |  7- 9 || total
-------------------------+-------+-------+-------++-------
Melee: Flail             |   158 |   166 |   285 ||   609
       Punch             |       |     1 |     4 ||     5
       Kick              |       |       |    76 ||    76
Throw: Throwing net      |       |     2 |     4 ||     6
       Dart              |       |       |     6 ||     6
Evoke: Wand              |       |       |     2 ||     2
  Use: Scroll            |       |       |     3 ||     3
Armor: Leather armour    |     7 |       |       ||     7
       Ring mail         |    77 |    63 |   106 ||   246
Dodge: Dodged            |   109 |   125 |   191 ||   425
